 Dungeon Crawl Stone Soup version 0.30-a0-639-g3916f1956a (webtiles) character file.

Game seed: 9175512721171927066

303 Iich the Chopper (level 6, -8/49 HPs)
             Began as a Demonspawn Fighter on Jan 16, 2023.
             Mangled by an ogre
             ... wielding a +0 giant club
              (22 damage)
             ... on level 3 of the Dungeon.
             The game lasted 00:04:30 (1854 turns).

Iich the Chopper (Demonspawn Fighter)               Turns: 1854, Time: 00:04:31

Health: -8/49      AC:  6    Str: 16    XL:     6   Next: 15%
Magic:  6/6        EV:  8    Int:  9    God:
Gold:   118        SH:  5    Dex: 15    Spells: 5/5 levels left

rFire   . . .      SeeInvis .    a - +0 war axe
rCold   . . .      Faith    .    c - +0 buckler
rNeg    . . .      Spirit   .    b - +0 scale mail
rPois   .          Reflect  .    (no helmet)
rElec   .          Harm     .    (no cloak)
rCorr   .          Rampage  .    (no gloves)
Will    .....                    (no boots) Stlth
                                 p - amulet of regeneration
HPRegen 1.08/turn                (no ring)
MPRegen 0.10/turn                (no ring)

@: mighty
A: powered by pain 2
a: no special abilities


You were on level 3 of the Dungeon.
You visited 1 branch of the dungeon, and saw 3 of its levels.

You collected 118 gold pieces.

Inventory:

Hand Weapons
 a - a +0 war axe (weapon)
Missiles
 j - 3 curare-tipped darts (quivered)
 m - 2 throwing nets
Armour
 b - a +0 scale mail (worn)
 c - a +0 buckler (worn)
Jewellery
 f - a +6 ring of intelligence
 p - an amulet of regeneration (around neck)
Wands
 d - a wand of iceblast (6)
Scrolls
 g - a scroll of enchant armour
 k - a scroll of noise
 l - a scroll of immolation
 o - a scroll of blinking {unknown}
 r - a scroll of vulnerability {unknown}
Potions
 e - 3 potions of degeneration {unknown}
 h - a potion of brilliance
 i - 2 potions of curing
 n - a potion of flight {unknown}
 q - a potion of ambrosia {unknown}


   Skills:
 + Level 4.7 Fighting
 * Level 4.9 Axes
 - Level 2.6 Armour
 - Level 2.6 Shields


You had 5 spell levels left.
You didn't know any spells.
Your spell library contained the following spells:

 Spells                   Type           Power      Damage    Failure   Level
 Foxfire                  Conj/Fire      0%         2x1d4     89%         1
 Fireball                 Conj/Fire      0%         3d3       100%        5
 Starburst                Conj/Fire      0%         6d3       100%        6


Dungeon Overview and Level Annotations

Branches:
Dungeon (3/15)

Altars:
Cheibriados


Innate Abilities, Weirdness & Mutations

You sometimes gain power by taking damage.


Message History

You hit the hobgoblin.
The hobgoblin is moderately wounded.
The hobgoblin closely misses you. x2
You barely miss the hobgoblin.
The hobgoblin is moderately wounded.
The hobgoblin hits you but does no damage.
You closely miss the hobgoblin.
The hobgoblin is moderately wounded.
The hobgoblin barely misses you.
You hit the hobgoblin.
The hobgoblin is heavily wounded.
You block the hobgoblin's attack.
You slash the hobgoblin!
You kill the hobgoblin!
No target in view!
You open the door.
An endoplasm and an ogre come into view.
The endoplasm quivers.
There is an open door here.
The endoplasm hits you. The ogre hits you with a +0 giant club.
You barely miss the ogre. You hit the endoplasm. The endoplasm freezes you.
You are frozen.
You slash the endoplasm!
You kill the endoplasm!
You hit the ogre.
The ogre hits you with a +0 giant club!!
Ouch! That really hurt!
* * * LOW HITPOINT WARNING * * *
You focus on the pain.
You feel very mighty all of a sudden.
You are too injured to fight recklessly!
You are too injured to fight recklessly!
You feel better. The ogre hits you with a +0 giant club!
* * * LOW HITPOINT WARNING * * *
You focus on the pain.
You feel mightier all of a sudden.
You feel better.
The ogre hits you with a +0 giant club!!
You die...

#......###### ######
#.#######...## ##. .##
#.# #.....#####.. .. ###
#.# #..#.........#..
#####.# #.###
#.....#####.... #......
###.''## ##...##...##...
#.###.# ..)....#
##.##.....##.# #...###
####...#
#.#.......#.##########
#...#
#.'..@:...#†'..#).....
#...#
#.#...O...#.##...#####
##..#
##.##.....##.###.#....#
##.#
##...##...##...##.#.....
#.#
#.....#####.....#.#.....
#.#
#..#.........#..#.#....#
#.#
#.....#####.....#.####.#
#.####...##...##...##.#
#.#
#....#####..#..######.#
..#


You could see an ogre.

Vanquished Creatures
  Sigmund (D:3)
  A hound (D:3)
  Ijyb (D:3)
  3 adders
  3 dart slugs
  An orc (D:3)
  2 bats
  10 endoplasms
  3 giant cockroaches
  A goblin (D:2)
  8 hobgoblins
  3 jackals (D:1)
  5 kobolds
  2 quokkas
  8 ball pythons
  4 frilled lizards
  8 rats
64 creatures vanquished.

Notes
Turn   | Place    | Note
-------+----------+-------------------------------------------
     0 | D:1      | Iich the Demonspawn Fighter began the quest for the Orb.
     0 | D:1      | Reached XP level 1. HP: 18/18 MP: 1/1
   190 | D:1      | Gained mutation: You sometimes gain a little power by
                  | taking damage. [demonic ancestry]
   190 | D:1      | Reached XP level 2. HP: 19/24 MP: 2/2
   443 | D:1      | Reached XP level 3. HP: 27/29 MP: 3/3
  1037 | D:2      | Found a snail-covered altar of Cheibriados.
  1151 | D:3      | Reached XP level 4. HP: 36/37 MP: 4/4
  1157 | D:3      | Noticed Sigmund
  1172 | D:3      | Killed Sigmund
  1173 | D:3      | Reached XP level 5. HP: 23/43 MP: 5/5
  1310 | D:3      | Identified the +3 rapier of Geoqeot {spect, rCorr Int+4}
  1340 | D:3      | Noticed Ijyb
  1351 | D:3      | Killed Ijyb
  1352 | D:3      | Gained mutation: You sometimes gain power by taking damage.
                  | [demonic ancestry]
  1352 | D:3      | Reached XP level 6. HP: 44/49 MP: 6/6
  1854 | D:3      | Mangled by an ogre

Illustrated notes

Levels and vault maps discovered:
D:1:      minmay_arrival_wavy_path, layout_rooms
D:2:      layout_rooms, basic_altar
D:3:      minmay_octagon_keep, layout_basic, kennysheep_cross_bottleneck,
          grunt_decor_fettered, uniq_sigmund, uniq_crazy_yiuf_cottage, uniq_ijyb

Skill      XL: |  1  2  3  4 |
---------------+-------------+-----
Axes           | 2 3 4 |  4.9
Fighting       | 4 |  4.7
Armour         | |  2.6
Shields        | |  2.6

Action                   |  1- 3 |  4- 6 || total
-------------------------+-------+-------++-------
Melee: War axe           |   135 |    68 ||   203
  Use: Scroll            |     3 |     1 ||     4
       Potion            |     1 |     3 ||     4
Armor: Scale mail        |    78 |    26 ||   104
Dodge: Dodged            |    63 |    18 ||    81
Block: Buckler           |    39 |    12 ||    51

Table legend: (Time is in decaauts)
 A = Elapsed time spent in this place.
 B = Non-inter-level travel time spent in this place.
 C = Inter-level travel time spent in this place.
 D = Time resting spent in this place.
 E = Time spent auto-exploring this place.
 F = Levels seen in this place.
 G = Mean time per level.
                   A        B        C        D        E       F      G
               +--------+--------+--------+--------+--------+-----+--------+
         Total |   1930 |   1913 |     17 |      0 |   1406 |   3 |  643.3 |
       Dungeon |   1930 |   1913 |     17 |      0 |   1406 |   3 |  643.3 |
               +--------+--------+--------+--------+--------+-----+--------+

Top non-repeatable levels by time:
     D:3: 764 daAuts
     D:1: 687 daAuts
     D:2: 478 daAuts
